 Dungeon Crawl Stone Soup version 0.19-a0-1861-g35def1e (webtiles) character file.

98 Alarkh the Charmwright (level 4, -3/33 HPs)
             Began as a Mummy Skald on Oct 12, 2016.
             Slain by an ice beast (5 damage)
             ... on level 2 of the Dungeon.
             The game lasted 00:02:46 (2249 turns).

Alarkh the Charmwright (Mummy Skald)                Turns: 2249, Time: 00:02:47

Health: -3/33      AC:  4    Str: 15    XL:     4   Next: 43%
Magic:  6/8        EV: 11    Int: 12    God:
Gold:   84         SH:  0    Dex: 11    Spells: 3 memorised, 2 levels left

rFire  x . .     SeeInvis .     a - +0 falchion
rCold  + . .     Gourm    .     b - +0 leather armour
rNeg   + + +     Faith    .     (no shield)
rPois  ∞         Spirit   .     (no helmet)
rElec  .         Dismiss  .     (no cloak)
rCorr  .         Reflect  .     h - +0 pair of gloves
MR     .....     Harm     .     (no boots)
Stlth  +.........               (no amulet)
                                (no ring)
                                (no ring)

@: no status effects
A: no food or potions, fire vulnerability, cold resistance 1, negative energy
resistance 3, torment resistance, unbreathing
a: no special abilities


You were on level 2 of the Dungeon.
You were not hungry.

You visited 1 branch of the dungeon, and saw 3 of its levels.

You collected 84 gold pieces.

Inventory:

Hand Weapons
 a - a +0 falchion (weapon)
Armour
 b - a +0 leather armour (worn)
 h - a +0 pair of gloves (worn)
Scrolls
 d - a scroll of noise
 e - 2 scrolls of immolation
 f - a scroll of magic mapping {unknown}
 g - a scroll of remove curse {unknown}
 i - a scroll of recharging {unknown}
Books
 c - a book of Battle

   Spells                             Type                      Level
   a - Infusion                       Charms                       1
   b - Shroud of Golubria             Charms/Translocation         2
   c - Song of Slaying                Charms                       2
   d - Spectral Weapon                Hexes/Charms                 3
   e - Regeneration                   Charms/Necromancy            3


   Skills:
 - Level 2.0 Fighting
 + Level 2.4 Long Blades
 - Level 0.7 Armour
 - Level 0.7 Dodging
 + Level 2.8 Spellcasting
 + Level 3.3 Charms


You had 2 spell levels left.
You knew the following spells:

 Your Spells              Type           Power        Failure   Level  Hunger
a - Infusion              Chrm           #...         10%         1    N/A
b - Shroud of Golubria    Chrm/Tloc      #.........   28%         2    N/A
c - Spectral Weapon       Hex/Chrm       #.......     56%         3    N/A

Dungeon Overview and Level Annotations

Branches:
Dungeon (3/15)

Altars:
Nemelex Xobeh
Okawaru
Qazlal
Ru
The Shining One


Innate Abilities, Weirdness & Mutations

You do not eat or drink.
Your flesh is vulnerable to fire.
You are immune to poison.
Your flesh is cold resistant. (rC+)
You are immune to negative energy. (rN+++)
You are immune to unholy pain and torment.
You can survive without breathing.


Message History

You hit the ice beast.
The ice beast is heavily wounded.
The ice beast hits you. The ice beast freezes you. You resist.
The ice beast hits you. The ice beast freezes you. You resist.
You are too injured to fight recklessly!
You are too injured to fight recklessly!
You hit the ice beast but do no damage.
The ice beast is heavily wounded.
The ice beast hits you. The ice beast freezes you. You resist.
* * * LOW HITPOINT WARNING * * *
Your shroud unravels.
Your magical infusion is running out.
You are no longer magically infusing your attacks.
You see here a fuming clear potion.
The ice beast hits you.
* * * LOW HITPOINT WARNING * * *
The ice beast freezes you. You resist.
* * * LOW HITPOINT WARNING * * *
The ice beast hits you.
You die...

##### #...###########
#.............#
#..####.####..#
#..##.....##..#
###..#.......#..#
.....#.†.....#..#
........._......###########
...#.#.......#..@.........#
...#.#.......#.#.Y........#
...#÷##.....##.#..........#
...#.####÷####.#..........#
...#...........#........<.#
...##.........##......!...#
...#...####.........#...###
...#...####.........#.#.#
####................#.#.#


You could see an ice beast.

Vanquished Creatures
  4 adders (D:2)
  An ooze (D:2)
  2 worms (D:2)
  A dart slug (D:2)
  A leopard gecko (D:1)
  An orc (D:3)
  6 bats
  4 giant cockroaches
  3 goblins
  5 hobgoblins
  3 jackals (D:2)
  5 kobolds
  2 quokkas (D:2)
  4 frilled lizards
  8 rats
50 creatures vanquished.

Notes
Turn   | Place    | Note
-------+----------+-------------------------------------------
     0 | D:1      | Alarkh the Mummy Skald began the quest for the Orb.
     0 | D:1      | Reached XP level 1. HP: 16/16 MP: 3/3
   402 | D:1      | Reached XP level 2. HP: 8/22 MP: 0/5
  1156 | D:2      | Reached XP level 3. HP: 26/27 MP: 0/6
  1168 | D:2      | Learned a level 2 spell: Shroud of Golubria
  1172 | D:2      | Learned a level 3 spell: Spectral Weapon
  1214 | D:2      | Found a sparkling altar of Nemelex Xobeh.
  1279 | D:2      | Reached skill level 3 in Charms
  1296 | D:2      | Found a glowing golden altar of the Shining One.
  1436 | D:2      | Found a faded altar of an unknown god.
  1453 | D:2      | Became a worshipper of Ru the Awakened
  1453 | D:2      | Fell from the grace of Ru
  1657 | D:2      | Reached XP level 4. HP: 19/33 MP: 0/8
  1659 | D:2      | Found a stormy altar of Qazlal.
  2093 | D:2      | Found an iron altar of Okawaru.
  2182 | D:3      | Noticed an ice beast
  2246 | D:2      | HP: 1/33 [ice beast (2)]
  2249 | D:2      | Slain by an ice beast

Vault maps used:
D:1:      minmay_arrival_five_plusses, minmay_crystal_water
D:2:      tso_metal_star, nicolae_overflow_hidden_temple,
          nemelex_xobeh_ov_fountains_minmay, old_standard_altar,
          ecumenical_altar_1, minmay_misc_feat_diagonals
D:3:      minmay_box_of_dots

Skill      XL: |  1  2  3 |
---------------+----------+-----
Long Blades    | 2 |  2.4
Charms         | 3 |  3.3
Fighting       | |  2.0
Armour         | |  0.7
Dodging        | |  0.7
Spellcasting   | |  2.8

Action                   |  1- 3 |  4- 6 || total
-------------------------+-------+-------++-------
Melee: Falchion          |    99 |    34 ||   133
 Cast: Infusion          |    16 |     7 ||    23
       Shroud of Golubri |       |     1 ||     1
Invok: Renounce Religion |     1 |       ||     1
  Use: Scroll            |     1 |     1 ||     2
Armor: Leather armour    |    51 |     8 ||    59
Dodge: Dodged            |    69 |    17 ||    86
       Rpst.: Falchion   |    23 |     7 ||    30
